 Dungeon Crawl Stone Soup version 0.30-b1-2-g02819fbbbe (webtiles) character file.

Game seed: 5201236684589297846

602 prikolics the Sneak (level 7, -5/93 HPs)
             Began as a Naga Warper on Aug 8, 2023.
             Slain by a water moccasin (7 damage)
             ... on level 5 of the Dungeon.
             The game lasted 00:24:58 (3470 turns).

prikolics the Sneak (Naga Warper)                   Turns: 3470, Time: 00:25:01

Health: -5/93      AC: 23    Str: 12 (14) XL:     7   Next: 41%
Magic:  10/10      EV:  1    Int: 13 (15) God:
Gold:   251        SH:  0    Dex:  9 (10) Spells: 8/10 levels left

rFire   x . .        a - +0 spear
rCold   + . .        (no shield)
rNeg    . . .        q - melded +2 robe {rN+}
rPois   +            (helmet currently unavailable)
rElec   .            (cloak currently unavailable)
rCorr   .            (gloves currently unavailable)
SInv    +            m - melded +0 barding
Will    .....        (no amulet)
Stlth   ++           b - ring of ice
HPRegen 0.35/turn    (no ring)
MPRegen 0.12/turn

%: no passive effects
@: brilliant, lethally poisoned (-5 -> -15), tree-form
A: stationary, stasis, torment immunity, boosted hp, AC +2, large, see
invisible, (deformed body), (poison resistance), (slowness 2), spit poison 1,
(naga tail 1)
a: Spit Poison


You were on level 5 of the Dungeon.
You were a tree.
You visited 1 branch of the dungeon, and saw 5 of its levels.

You collected 251 gold pieces.

Inventory:

Hand Weapons
 a - a +0 spear (weapon)
 r - a +0 shortbow
Missiles
 d - a boomerang of dispersal (quivered)
Armour
 l - +0 gold dragon scales
 m - a +0 barding (melded)
 q - a +2 robe of positive energy (melded)
Magical Staves
 k - a staff of fire
Jewellery
 b - a ring of ice (left branch)
Wands
 h - a wand of roots (5)
 p - a wand of flame (15)
Scrolls
 c - 2 scrolls of blinking
 f - a scroll of fear {unknown}
 g - 3 scrolls of identify {unknown}
 j - 2 scrolls of noise {unknown}
 s - a scroll of silence {unknown}
Potions
 n - a potion of resistance
 o - a potion of brilliance


   Skills:
 + Level 3.0 Fighting
 + Level 4.0 Polearms
 + Level 2.1 Throwing
 - Level 3.0 Armour
 + Level 1.9 Dodging
 * Level 4.4 Stealth
 + Level 2.3 Spellcasting
 * Level 4.2 Translocations


You had 8 spell levels left.
You knew the following spells:

 Your Spells              Type           Power      Damage    Failure   Level
a - Blink                 Tloc           36%        N/A       7%          2

Your spell library contained the following spells:

 Spells                   Type           Power      Damage    Failure   Level
 Lesser Beckoning         Tloc           36%        N/A       7%          2
 Teleport Other           Tloc           18%        N/A       13%         3
 Vhi's Electric Charge    Tloc/Air       20%        N/A       30%         3
 Manifold Assault         Tloc           18%        N/A       41%         4


Dungeon Overview and Level Annotations

Branches:
Dungeon (5/15)
 Temple: D:4-7

Altars:
Elyvilon
The Shining One

Annotations:
D:4 2 transporters, Duvessa; NimIero's ghost, amateur AtBe; Pikel
D:5 3 runed translucent doors, Termiter's ghost, novice DsNe


Innate Abilities, Weirdness & Mutations

You are a tree.
Your roots penetrate the ground, keeping you stationary.
You cannot be teleported.
You are immune to unholy pain and torment.
Your maximum health is greatly increased.
Your equipment is partially melded.
((Your serpentine skin is tough. (AC +2)))
You have supernaturally acute eyesight. (SInv)
((Armour fits poorly on your strangely shaped body.))
((Your system is resistant to poisons. (rPois)))
((You cover ground very slowly.))
You can spit poison.
((You have a snake-like lower body.))


Message History

You feel sick.
You are no longer poisoned.
The water moccasin bites you but does no damage. x2
You barely miss the water moccasin.
The water moccasin is heavily wounded.
The water moccasin bites you but does no damage.
You hit the water moccasin.
The water moccasin is heavily wounded.
The water moccasin bites you but does no damage.
You hit the water moccasin.
The water moccasin is heavily wounded.
The water moccasin bites you.
* * * LOW HITPOINT WARNING * * *
The water moccasin completely misses you.
You hit the water moccasin.
The water moccasin is heavily wounded.
The water moccasin bites you but does no damage.
You closely miss the water moccasin.
The water moccasin is heavily wounded.
The water moccasin bites you but does no damage.
You hit the water moccasin.
The water moccasin is severely wounded.
The water moccasin bites you but does no damage.
You miss the water moccasin.
The water moccasin is severely wounded.
The water moccasin bites you but does no damage. x2
You barely miss the water moccasin.
The water moccasin is severely wounded.
You hear the brisk rusting of a very distant drain.
The water moccasin bites you.
* * * LOW HITPOINT WARNING * * *
You are lethally poisoned!
The water moccasin poisons you!
It was a potion of degeneration.
There was something very wrong with that liquid.
You feel weakened.
You feel dopey.
You feel clumsy.
* * * LOW HITPOINT WARNING * * *
You feel very sick. The water moccasin bites you!
You die...

#.#...#
#.....#
###...#
##.## #.# #
#.# ... #.#
#....####.#
#.....S♣..#
#....######
##.


You could see a water moccasin.

Vanquished Creatures
  A water moccasin (D:3)
  An ice beast (D:5)
  A centaur (D:5)
  A scorpion (D:5)
  Dowan (D:4)
  An iguana (D:4)
  Natasha (thrice) (D:2)
  5 adders
  3 worms
  3 dart slugs
  3 orcs
  9 endoplasms
  5 giant cockroaches
  5 hobgoblins
  4 jackals (D:1)
  7 ball pythons
  5 bats
  7 frilled lizards
  4 goblins
  3 kobolds
  2 rats
74 creatures vanquished.

Notes
Turn   | Place    | Note
-------+----------+-------------------------------------------
     0 | D:1      | prikolics the Naga Warper began the quest for the Orb.
     0 | D:1      | Reached XP level 1. HP: 19/19 MP: 3/3
    28 | D:1      | Reached skill level 1 in Throwing
    69 | D:1      | Reached XP level 2. HP: 23/26 MP: 5/5
    77 | D:1      | Reached skill level 1 in Stealth
   187 | D:1      | You fall into a shaft and drop 1 floor!
   197 | D:2      | Learned a level 2 spell: Blink
   463 | D:1      | Reached XP level 3. HP: 32/32 MP: 6/6
  1056 | D:3      | Reached skill level 1 in Armour
  1114 | D:3      | Reached XP level 4. HP: 28/39 MP: 7/7
  1261 | D:3      | Noticed a water moccasin
  1288 | D:3      | Killed a water moccasin
  1289 | D:3      | Reached XP level 5. HP: 11/46 MP: 8/8
  1455 | D:3      | Found a white marble altar of Elyvilon.
  1686 | D:2      | Noticed Natasha
  1697 | D:2      | Killed Natasha
  1778 | D:2      | Noticed Natasha
  1792 | D:2      | Killed Natasha
  1793 | D:2      | Reached XP level 6. HP: 27/55 MP: 9/9
  1806 | D:2      | Noticed Natasha
  1817 | D:2      | Killed Natasha
  2834 | D:4      | Found a glowing golden altar of the Shining One.
  2854 | D:4      | Found a transporter.
  2854 | D:4      | Noticed NimIero's ghost (amateur AtBe)
  2858 | D:4      | Found a transporter.
  3045 | D:4      | Noticed Dowan
  3069 | D:4      | Killed Dowan
  3100 | D:4      | Noticed Duvessa
  3147 | D:4      | Noticed Pikel
  3163 | D:5      | Entered Level 5 of the Dungeon
  3177 | D:5      | Reached XP level 7. HP: 46/61 MP: 10/10
  3370 | D:5      | Found a runed translucent gate.
  3370 | D:5      | Found a runed translucent gate.
  3370 | D:5      | Found a runed translucent gate.
  3374 | D:5      | Noticed Termiter's ghost (novice DsNe)
  3470 | D:5      | HP: 2/93 [poisoned by a water moccasin]
  3470 | D:5      | Slain by a water moccasin

Illustrated notes

Levels and vault maps discovered:
D:1:      matt_arrival_los_fun, layout_rooms, minmay_pentomino_r4
D:2:      layout_loops_ring, uniq_natasha
D:3:      layout_basic, elyvilon_altar_1, st_stairs_6, corexii_hall_statues_s,
          wad_rectangle_vault
D:4:      layout_cave_pools, mainiacjoe_overflow_tiny_flanked,
          gammafunk_ghost_arena, kennysheep_big_empty_room, uniq_duvessa,
          uniq_pikel
D:5:      layout_loops_corners, mainiacjoe_overflow_two_lobes,
          gammafunk_ghost_split, gup_sewer_entry_bowl,
          nicolae_shop_distant_corner_stores, hex_tiny,
          hangedman_decor_slide_cut, hangedman_glass_teeth

Skill      XL: |  1  2  3  4  5  6  7 |
---------------+----------------------+-----
Throwing       | 1 2 |  2.1
Stealth        | 1 2 3 4 |  4.4
Armour         | 1 2 3 |  3.0
Polearms       | 3 4 |  4.0
Translocations | 4 |  4.2
Fighting       | 3 |  3.0
Dodging        | |  1.9
Spellcasting   | |  2.3

Action                     |  1- 3 |  4- 6 |  7- 9 || total
---------------------------+-------+-------+-------++-------
  Melee: Spear             |    96 |   132 |    51 ||   279
         Punch             |     1 |     2 |     1 ||     4
  Throw: Javelin           |     8 |     2 |       ||    10
         Boomerang         |       |     4 |     2 ||     6
         Stone             |       |     9 |       ||     9
   Cast: Blink             |     4 |       |       ||     4
Ability: Spit Poison       |    35 |    52 |     9 ||    96
    Use: Potion            |       |     4 |     4 ||     8
 Armour: Leather armour    |    24 |       |       ||    24
         Gold dragon scale |    19 |   120 |       ||   139
         Robe              |       |       |    35 ||    35
         Skin              |       |       |    11 ||    11
  Dodge: Dodged            |    36 |     2 |    18 ||    56
